 Dungeon Crawl Stone Soup version 0.19.0-19-g8c6edcc (webtiles) character file.

132 Charly the Chopper (level 4, -3/39 HPs)
             Began as a Deep Dwarf Gladiator on Nov 15, 2016.
             Killed by divine providence
             ... invoked by an orc priest
              (10 damage)
             ... on level 4 of the Dungeon.
             The game lasted 00:03:20 (288 turns).

Charly the Chopper (Deep Dwarf Gladiator)            Turns: 288, Time: 00:03:21

Health: -3/39      AC:  7    Str: 18    XL:     4   Next: 92%
Magic:  4/4        EV: 11    Int:  9    God:
Gold:   0          SH:  0    Dex: 14    Spells: 0 memorised, 3 levels left

rFire  . . .     SeeInvis .     q - +2 whip (vamp)
rCold  . . .     Gourm    .     g - +0 scale mail
rNeg   . . .     Faith    .     (no shield)
rPois  .         Spirit   .     c - +0 helmet
rElec  .         Reflect  .     (no cloak)
rCorr  .         Harm     .     (no gloves)
MR     .....                    (no boots)
Stlth  ..........               (no amulet)
                                (no ring)
                                (no ring)

@: non-regenerating
A: damage resistance, recharge devices, sense surroundings 1, slow regeneration
3
a: Device Recharging


You were on level 4 of the Dungeon.
You were not hungry.

You visited 1 branch of the dungeon, and saw 4 of its levels.

Inventory:

Hand Weapons
 a - a +0 war axe
 q - a +2 vampiric whip (weapon)
Missiles
 d - 3 throwing nets (quivered)
Armour
 b - a +0 leather armour
 c - a +0 helmet (worn)
 g - a +0 scale mail (worn)
Wands
 e - a wand of heal wounds (5/9)
 n - a wand of polymorph (5/24)
Scrolls
 k - 2 scrolls of teleportation {unknown}
 l - a scroll of identify {unknown}
 m - a scroll of remove curse {unknown}
 o - a scroll of enchant armour {unknown}
 p - a scroll of noise {unknown}
Potions
 h - a potion of cancellation {unknown}
 i - a potion of resistance {unknown}
 j - a potion of might {unknown}
Comestibles
 f - a bread ration


   Skills:
 - Level 1.7 Fighting
 + Level 6.2 Axes
 - Level 1.7 Throwing
 - Level 3.2 Dodging


You had 3 spell levels left.
You didn't know any spells.

Dungeon Overview and Level Annotations

Branches:
Dungeon (4/15)
 Temple: D:4-7

Altars:

Annotations:
D:4 Dowan, Edmund


Innate Abilities, Weirdness & Mutations

You are resistant to damage.
You can recharge devices by infusing magical energy.
You passively map a small area around you.
You do not regenerate.


Message History

Unknown command.
You barely miss the orc. Dowan breathes stone arrow at you.
The stone arrow misses you.
The orc barely misses the orc.
The orc hits you but does no damage. Dowan bites you but does no damage.
The orc closely misses you.
Unknown command.
Unknown command.
You feel less confused.
The orc priest calls upon Beogh to heal the orc.
The orc's wounds heal themselves!
The orc hits you but does no damage.
Found a stone staircase leading down.
Unknown command.
Unknown command.
You hit Dowan but do no damage. Dowan bites you!
* * * LOW HITPOINT WARNING * * *
The worker ant bites the orc.
The orc priest mumbles some strange prayers to Beogh against you.
Beogh smites you!
You die...

, , , *
..........> ,,
..........# *
, ,
?.........# ,
...........# ,
...........#
**
..........[.+
, ,
............#
*
.........@.$#
....$a..ooko#
......o.)o..#
,
*............#
........(..o#
*
.......<....#
#############


You could see Dowan the swamp drake, a worker ant (confused), an orc priest and
5 orcs.

Vanquished Creatures
  2 orc wizards (D:3)
  2 leopard geckos
  2 orcs (D:3)
  A goblin (D:3)
  3 hobgoblins (D:1)
  2 jackals (D:1)
  2 ball pythons (D:3)
  2 bats (D:3)
  4 kobolds
  3 rats
23 creatures vanquished.

Vanquished Creatures (others)
  A boggart (D:4)
1 creature vanquished.

Grand Total: 24 creatures vanquished

Notes
Turn   | Place    | Note
-------+----------+-------------------------------------------
     0 | D:1      | Charly the Deep Dwarf Gladiator began the quest for the Orb.
     0 | D:1      | Reached XP level 1. HP: 19/19 MP: 1/1
    45 | D:1      | Reached XP level 2. HP: 23/26 MP: 2/2
    48 | D:1      | Reached skill level 4 in Axes
   126 | D:3      | Reached XP level 3. HP: 20/32 MP: 3/3
   128 | D:3      | Reached skill level 5 in Axes
   128 | D:3      | Reached XP level 4. HP: 21/39 MP: 4/4
   175 | D:4      | Noticed Edmund
   176 | D:4      | Noticed Edmund
   176 | D:4      | Edmund changed into Edmund the big kobold
   271 | D:4      | Noticed Dowan
   272 | D:4      | Noticed Duvessa
   272 | D:4      | Noticed Duvessa
   272 | D:4      | Duvessa changed into Duvessa the boggart
   273 | D:4      | Noticed Dowan
   273 | D:4      | Dowan changed into Dowan the swamp drake
   282 | D:4      | Killed Duvessa the boggart
   282 | D:4      | Reached skill level 6 in Axes
   288 | D:4      | Killed from afar by an orc priest

Skill      XL: |  1  2  3  4 |
---------------+-------------+-----
Axes           | 4 5 6 |  6.2
Fighting       | |  1.7
Throwing       | |  1.7
Dodging        | |  3.2

Action                   |  1- 3 |  4- 6 || total
-------------------------+-------+-------++-------
Melee: War axe           |    34 |    13 ||    47
       Whip              |       |    10 ||    10
Evoke: Wand              |       |     3 ||     3
  Eat: Fruit             |     3 |       ||     3
Armor: Leather armour    |     8 |       ||     8
       Scale mail        |    38 |    38 ||    76
Dodge: Dodged            |    68 |    55 ||   123
